 Dungeon Crawl Stone Soup version 0.27.1-33-g824d729ab1 (webtiles) character file.

Game seed: 5281593004914278069

112 pkoi the Insei (level 4, -7/37 (38) HPs)
             Began as a Draconian Monk on Dec 21, 2021.
             Was a Priest of Sif Muna.
             Mangled by a wight (18 damage)
             ... in an ossuary.
             The game lasted 00:02:04 (1647 turns).

pkoi the Insei (Draconian Monk)                     Turns: 1647, Time: 00:02:05

HP:   -7/37 (38)    AC:  6    Str: 13    XL:     4   Next: 64%
MP:   5/5           EV: 12    Int: 12    God:    Sif Muna [***...]
Gold: 60            SH:  0    Dex: 13    Spells: 3/5 levels left

rFire    . . .     SeeInvis .     - Unarmed
rCold    . . .     Faith    .   (no shield)
rNeg     . . .     Spirit   .   (armour unavailable)
rPois    .         Reflect  .   (helmet restricted)
rElec    .         Harm     .   (no cloak)
rCorr    .         Rampage  .   j - +0 pair of gloves
Will     .....                  (no boots)
Stlth    ++........             (no amulet)
HPRegen  0.12/turn              (no ring)
MPRegen  0.09/turn              (no ring)

@: lightly drained
A: AC +5, unfitting armour, cold-blooded
a: Renounce Religion, Channel Magic, Forget Spell


You were in an ossuary.
You worshipped Sif Muna.
Sif Muna was most pleased with you.
You visited 1 branch of the dungeon, and saw 3 of its levels.
You also visited: Ossuary.

You collected 60 gold pieces.

Inventory:

Hand Weapons
 c - a +0 dagger
Armour
 j - a +0 pair of gloves (worn)
Jewellery
 d - a ring of ice
Scrolls
 f - a scroll of silence
 h - a scroll of teleportation
 i - a scroll of vulnerability
 k - 3 scrolls of blinking
Potions
 a - a potion of invisibility {unknown}
 e - a potion of brilliance


   Skills:
 - Level 3.2 Fighting
 - Level 2.6 Dodging
 - Level 1.7 Stealth
 * Level 5.0 Unarmed Combat
 + Level 1.0 Spellcasting
 + Level 1.1 Translocations


You had 3 spell levels left.
You knew the following spells:

 Your Spells              Type           Power      Damage    Failure   Level
a - Blink                 Tloc           N/A        N/A       28%         2

Your spell library contained the following spells:

 Spells                   Type           Power      Damage    Failure   Level
 Sting                    Tmut/Pois      0%         1d3       30%         1
 Poisonous Vapours        Pois/Air       0%         N/A       41%         2
 Lesser Beckoning         Tloc           1%         N/A       50%         3
 Tukima's Dance           Hex            0%         N/A       65%         3
 Passage of Golubria      Tloc           N/A        N/A       88%         4
 Olgreb's Toxic Radiance  Pois           0%         N/A       96%         4
 Manifold Assault         Tloc           3%         N/A       99%         5
 Yara's Violent Unravell  Hex/Tmut       0%         3d3       100%        5


Dungeon Overview and Level Annotations

Branches:
Dungeon (4/15)            Ossuary (1/1)
 Temple: D:4-7

Altars:
Sif Muna


Innate Abilities, Weirdness & Mutations

Your plain brown scales are hard. (AC +5)
You cannot fit into any form of body armour.
You are cold-blooded and may be slowed by cold attacks.


Message History

The kobold zombie is heavily damaged.
You hit the kobold zombie. You tail-slap the kobold zombie.
You destroy the kobold zombie!
Sif Muna accepts your kill.
No target in view!
No target in view!
No target in view!
No target in view!
No target in view!
No target in view!
No target in view!
No target in view!
No target in view!
You open the door.
A wight comes into view. It is wielding a +0 battleaxe.
A wight is nearby!
A wight is nearby!
The wight misses you.
There is an open door here.
You hit the wight but do no damage.
Your tail-slap misses the wight.
The wight hits you with a +0 battleaxe!
You feel drained.
You closely miss the wight.
The wight hits you with a +0 battleaxe!!
* * * LOW HITPOINT WARNING * * *
You are too injured to fight recklessly!
You are too injured to fight recklessly!
You are too injured to fight recklessly!
You are too injured to fight recklessly!
You are too injured to fight recklessly!
You are too injured to fight recklessly!
You are too injured to fight recklessly!
You are too injured to fight recklessly!
You are too injured to fight recklessly!
You are too injured to fight recklessly!
You are too injured to fight recklessly!
You are too injured to fight recklessly!
You hit the wight.
The wight is lightly damaged.
The wight hits you with a +0 battleaxe!!
You die...

##### ##...## ##.....##
#########....##.#
#z#.#.##......#.#
##+#+#@#'#)#......##.##
+..........'.......#..#
##+#+#'#'#'#..........#
#.#.#.##........##
#########......##
##...### #...## ###..#
##.#


You could see a wight.

Vanquished Creatures
  A wight (Ossuary)
  3 adders (D:2)
  A gnoll (D:1)
  An endoplasm (D:1)
  2 goblins (D:1)
  2 hobgoblins (D:1)
  2 jackals (D:1)
  3 kobolds (D:1)
  A quokka (D:4)
  9 ball pythons
  A bat (D:2)
  5 frilled lizards
  A hobgoblin zombie (Ossuary)
  A kobold zombie (Ossuary)
  An orc skeleton (Ossuary)
  2 rats (D:1)
36 creatures vanquished.

Notes
Turn   | Place    | Note
-------+----------+-------------------------------------------
     0 | D:1      | pkoi the Draconian Monk began the quest for the Orb.
     0 | D:1      | Reached XP level 1. HP: 19/19 MP: 1/1
   319 | D:1      | Found a faded altar of an unknown god.
   382 | D:1      | Became a worshipper of Sif Muna the Loreminder
   382 | D:1      | Reached * piety under Sif Muna
   382 | D:1      | Reached ** piety under Sif Muna
   451 | D:1      | Reached XP level 2. HP: 26/26 MP: 2/2
   831 | D:1      | Reached *** piety under Sif Muna
   832 | D:1      | Reached skill level 4 in Unarmed Combat
   840 | D:1      | Reached XP level 3. HP: 29/31 MP: 3/3
   948 | D:1      | Learned a level 2 spell: Blink
  1204 | D:2      | Found a shimmering blue altar of Sif Muna.
  1479 | D:2      | You fall into a shaft and drop 2 floors!
  1564 | D:4      | Found a sand-covered staircase.
  1569 | Ossuary  | Entered an ossuary
  1607 | Ossuary  | Reached XP level 4. HP: 38/38 MP: 4/4
  1613 | Ossuary  | Reached skill level 5 in Unarmed Combat
  1613 | Ossuary  | Reached skill level 1 in Spellcasting
  1613 | Ossuary  | Reached skill level 1 in Translocations
  1647 | Ossuary  | Mangled by a wight

Illustrated notes

Levels and vault maps discovered:
D:1:      dpeg_arrival_round_b, layout_loops_ring,
          shapermc_ecumenical_altar_totnotflames
D:2:      layout_rooms, basic_altar, serial_shops, nicolae_shop_behind_doors,
          uniq_crazy_yiuf_cottage
D:4:      layout_basic, gammafunk_temple_overflow_statue,
          nicolae_ossuary_entry_ruins, minmay_curled_crystal
Ossuary:  ossuary_due_cavern

Skill      XL: |  1  2  3  4 |
---------------+-------------+-----
Unarmed Combat | 4 5 |  5.0
Spellcasting   | 1 |  1.0
Translocations | 1 |  1.1
Fighting       | |  3.2
Dodging        | |  2.6
Stealth        | |  1.7

Action                   |  1- 3 |  4- 6 || total
-------------------------+-------+-------++-------
Melee: Unarmed           |   128 |    14 ||   142
       Tailslap          |    12 |     1 ||    13
  Use: Scroll            |     6 |       ||     6
 Stab: Sleeping          |     3 |     1 ||     4
Armor: Skin              |    40 |     2 ||    42
Dodge: Dodged            |    93 |     5 ||    98
